 Dungeon Crawl Stone Soup version 0.14-a0-2759-g5bb4bfe (webtiles) character file.

117 ManOfSteam the Stinger (level 3, -14/16 HPs)
             Began as a Vine Stalker Venom Mage on Feb 23, 2014.
             Demolished by a gnoll
             ... wielding a +0,+0 halberd
              (15 damage)
             ... on Level 2 of the Dungeon.
             The game lasted 00:18:33 (1516 turns).

ManOfSteam the Stinger (Vine Stalker Venom Mage)    Turns: 1516, Time: 00:18:35

HP -14/16        AC  3     Str 10      XL: 3   Next: 85%
MP   0/7         EV 12     Int 16      God:
Gold 65          SH  0     Dex 14      Spells:  1 memorised,  5 levels left

rFire  . . .     SeeInvis .     p - +0 dagger
rCold  + . .     Clarity  .     a - +0 robe
rNeg   . . .     Conserve .     (no shield)
rPois  .         rCorr    .     (no helmet)
rElec  .         rRot     +     e - +0 orc cloak
SustAb . .       Spirit   +     (no gloves)
rMut   .         Warding  .     (no boots)
Saprov . . .     Stasis   .     (no amulet)
MR     .....                    l - cursed ring of protection from cold
                                j - ring of flight

@: very slightly contaminated, not resistant to hostile enchantments, fairly
stealthy
A: fangs 2, regeneration 1, magic shield, antimagic bite, no device heal
a: Evoke Flight


You were on level 2 of the Dungeon.
You were not hungry.

You visited 1 branch of the dungeon, and saw 2 of its levels.

You collected 65 gold pieces.

Inventory:

Hand weapons
 p - a +0,+0 dagger (weapon)
Missiles
 f - 3 darts (quivered)
Armour
 a - a +0 robe (worn)
 e - a +0 orcish cloak (worn)
Scrolls
 c - a scroll of amnesia
 d - 5 scrolls of teleportation
 g - a scroll of fear {unknown}
 i - a scroll of identify
 m - a scroll of magic mapping {unknown}
 n - a scroll of fog {unknown}
Jewellery
 j - a ring of flight (left hand)
 l - a cursed ring of protection from cold (right hand)
Potions
 h - a potion of heal wounds
Books
 b - a Young Poisoner's Handbook

   Spells                             Type                      Level
   *Sting                             Conjuration/Poison           1
   Cure Poison                        Poison                       2
   Mephitic Cloud                     Conjuration/Poison/Air       3
   Olgreb's Toxic Radiance            Poison                       4
   Venom Bolt                         Conjuration/Poison           5


   Skills:
 + Level 0.1 Short Blades
 + Level 2.0 Dodging
 + Level 2.7 Stealth
 + Level 2.4 Spellcasting
 + Level 0.8 Conjurations
 + Level 4.6 Poison Magic


You had 5 spell levels left.
You knew the following spells:

 Your Spells              Type           Power        Failure   Level  Hunger
a - Sting                 Conj/Pois      ##..         10%         1    #......


Dungeon Overview and Level Annotations

Branches:
Dungeon (2/16)

Altars:


Innate Abilities, Weirdness & Mutations

You have extremely sharp teeth.
Your natural rate of healing is unusually fast.
When hurt, damage is shared between your health and your magic reserves.
Your bite disrupts and absorbs the magic of your enemies.
Potions and wands cannot restore your HP.


Message History

You hit the gnoll.
The gnoll is heavily wounded.
The gnoll closely misses you.
You closely miss the gnoll. You bite the gnoll. You drain its power.
You feel invigorated.
The gnoll is almost dead.
The gnoll closely misses you.
You barely miss the gnoll.
The gnoll is almost dead.
The gnoll misses you.
You closely miss the gnoll. Your bite misses the gnoll.
The gnoll is almost dead.
The gnoll hits you but does no damage. The gnoll closely misses you.
You closely miss the gnoll. Your bite misses the gnoll.
The gnoll is almost dead.
The gnoll hits you!
* * * LOW HITPOINT WARNING * * *
The gnoll hits you from afar with a halberd!
Ouch! That really hurt!
You die... . #.# ........#####..... #.# .(....... #.###. #.# #.(...... #.# #. ... ....... #####.###. ..(... #......##. .... #......##. ### gl#

##......##. ....
########g####.##......##. .....
........%@................
.......#######.)..............###
............(%(.).....##......#
##############........######.##
.............................#
##############).......######.####
.......<.........)....# #....%...
#..........###...########....)...
.................................


You could see 2 gnolls and a giant newt.

Vanquished Creatures
  A gnoll (D:2)
  2 adders (D:2)
  A giant cockroach (D:1)
  3 hobgoblins
  2 giant newts
  7 goblins
  2 jackals (D:1)
  5 kobolds
  4 rats
27 creatures vanquished.

Notes
Turn   | Place    | Note
--------------------------------------------------------------
     0 | D:1      | ManOfSteam, the Vine Stalker Venom Mage, began the quest for the Orb.
     0 | D:1      | Reached XP level 1. HP: 9/9 MP: 3/3
   795 | D:1      | Reached XP level 2. HP: 13/13 MP: 1/5
  1317 | D:2      | Reached XP level 3. HP: 6/16 MP: 2/7
  1516 | D:2      | Demolished by a gnoll

Action                   || total
-------------------------++-------
Melee: Hand axe          ||    23
       Dagger            ||    41
Throw: Dart              ||     2
 Cast: Sting             ||    34
  Use: Scroll            ||     4
       Potion            ||     3
